 Dungeon Sprint DCSS version 0.31-a0-544-gceb718ecc6 (webtiles) character file.

Game seed: 16612568714028261018

58 rocky1 the Changeling (level 3, -1/26 HPs)
             Began as a Demonspawn Shapeshifter on Aug 16, 2023.
             Slain by a white imp (4 damage)
             ... in the Dungeon (Sprint IX: "|||||||||||||||||||||||||||||").
             The game lasted 00:00:14 (131 turns).

rocky1 the Changeling (Demonspawn Shapeshifter)      Turns: 131, Time: 00:00:16

Health: -1/26      AC:  2    Str: 17    XL:     3   Next: 76%
Magic:  3/3        EV: 12    Int:  9    God:
Gold:   0          SH:  0    Dex: 13    Spells: 2/2 levels left

rFire   . .          .
                       - Unarmed
rCold   . . .        (no shield)
rNeg    . . .        a - +0 animal skin
rPois   .            (helmet currently unavailable)
rElec   .            (cloak currently unavailable)
rCorr   .            (gloves currently unavailable)
SInv    .            (boots currently unavailable)
Will    .....        (no amulet)
Stlth   +            (no ring)
HPRegen 0.24/turn    (no ring)
MPRegen 0.08/turn

%: no teleportation
@: beast-form
A: beast (slay +3), ignite blood 1
a: Begin Untransformation


You were in the Dungeon.
You were a hulking beast.
You visited 1 branch

Inventory:

Armour
 a - a +0 animal skin (worn)
Talismans
 c - a beast talisman (active)
 d - a flux talisman
Scrolls
 j - a scroll of blinking
Potions
 b - a potion of lignification
 e - a potion of curing
 f - a potion of heal wounds
 g - a potion of haste
 h - 2 potions of magic
 i - a potion of berserk rage


   Skills:
 + Level 1.1 Fighting
 + Level 2.6 Dodging
 + Level 4.9 Unarmed Combat
 + Level 4.9 Shapeshifting


You had 2 spell levels left.
You didn't know any spells.
Your spell library was empty.

Dungeon Overview and Level Annotations

Branches:
Dungeon (1/1)

Altars:


Innate Abilities, Weirdness & Mutations

You are a hulking beast.
Your limbs bulge with bestial killing power. (Slay +3)
Your demonic aura sometimes causes spilled blood to erupt in flames.


Message History

The hound stops to sniff the ground.
The hound barely misses you. The hound bites you.
You hit the hound.
The hound is heavily wounded.
The hound completely misses you.
You hit the hound.
The hound is severely wounded.
The hound barely misses you.
You hit the hound.
The hound is severely wounded.
The hound barely misses you. The hound misses you.
You hit the hound.
You kill the hound!
Your Unarmed Combat skill increases to level 4!
Your Shapeshifting skill increases to level 4!
You have reached level 2!
Your demonic ancestry asserts itself...
Your blood heats up.
You have reached level 3!
Your experience leads to an increase in your attributes!
Increase (S)trength, (I)ntelligence, or (D)exterity?
You feel stronger. x2
Unknown command.
You hit the iguana.
The iguana is moderately wounded.
You punch the iguana!
You kill the iguana!
The white imp gestures at you. The puff of frost hits you!
Unknown command.
The white imp gestures at you. The puff of frost hits you!
* * * LOW HITPOINT WARNING * * *
There is an open door, spattered with blood here.
You see here an iguana corpse.
The white imp misses you.
You hit the white imp but do no damage. The white imp hits you.
* * * LOW HITPOINT WARNING * * *
The white imp freezes you.
You die...

▓.▓
▓)▓
▓.▓
▓.▓
▓.▓
▓.▓
▓.▓
▓†▓
▓h▓
▓5▓
▓o▓
▓w▓
▓.▓
▓+▓


You could see a white imp, a dart slug and an orc.

Vanquished Creatures
  A hound (D)
  An iguana (D)
  A bat (D)
  2 endoplasms (D)
  A kobold (D)
  A rat (D)
7 creatures vanquished.

Notes
Turn   | Place    | Note
-------+----------+-------------------------------------------
     0 | D        | rocky1 the Demonspawn Shapeshifter began the quest for the
                  | Orb.
     0 | D        | Reached XP level 1. HP: 15/15 MP: 1/1
   121 | D        | Noticed a hound
   121 | D        | Noticed an iguana
   126 | D        | Killed a hound
   127 | D        | Gained mutation: Your demonic aura sometimes causes spilled
                  | blood to erupt in flames. [demonic ancestry]
   127 | D        | Reached XP level 2. HP: 17/21 MP: 2/2
   127 | D        | Reached XP level 3. HP: 22/26 MP: 3/3
   131 | D        | Slain by a white imp

Illustrated notes

Levels and vault maps discovered:
D:        linesprint [early_d, line_temple, items_1, d_10, items_2, lair_1,
          lair_end, items_3, orc_1, orc_end, items_4, d_15, swamp_1, shoals_1,
          snake_1, spider_1, d_20, vaults_1, items_5, swamp_end, shoals_end,
          snake_end, spider_end, vaults_end, d_27, items_6, zot_1, zot_end,
          crypt_end, forest_end, elf_end, slime_end, tomb_end, abyss_end,
          pan_hell_end]

Skill      XL: |  1 |
---------------+----+-----
Shapeshifting  | 4 |  4.9
Unarmed Combat | 4 |  4.9
Dodging        | 2 |  2.6
Fighting       | |  1.1

Action                     || total
---------------------------++-------
  Melee: Unarmed           ||    19
 Armour: Animal skin       ||     3
  Dodge: Dodged            ||    10

Table legend: (Time is in decaauts)
 A = Elapsed time spent in this place.
 B = Non-inter-level travel time spent in this place.
 C = Inter-level travel time spent in this place.
 D = Time resting spent in this place.
 E = Time spent auto-exploring this place.
 F = Levels seen in this place.
 G = Mean time per level.
                   A        B        C        D        E       F      G
               +--------+--------+--------+--------+--------+-----+--------+
         Total |    129 |    129 |      0 |    100 |      0 |   1 |  129.0 |
       Dungeon |    129 |    129 |      0 |    100 |      0 |   1 |  129.0 |
               +--------+--------+--------+--------+--------+-----+--------+

Top non-repeatable levels by time:
       D: 129 daAuts
